[Event "Early-Titled-Tuesday-Blitz-January-16-2024"]
[Site "Chess.com"]
[Date "2024.01.16"]
[Round "5"]
[White "LaPiToB"]
[Black "Actuary44"]
[Result "1-0"]
[WhiteElo "2316"]
[BlackElo "2484"]
[TimeControl "180+1"]
[EndTime "8:58:37 PST"]
[Termination "LaPiToB won on time"]

1. d4 Nf6 2. c4 g6 3. Nc3 Bg7 4. e4 d6 5. Be2 O-O 6. Bg5 c5 7. d5 Na6 8. Qd2 Nc7 9. a4 a6 10. h3 Rb8 11. Nf3 Bd7 12. O-O b5 13. cxb5 axb5 14.
axb5 Bxb5 15. Bxb5 Nxb5 16. Rfd1 Nxc3 17. bxc3 Nxe4 18. Qd3 Nxg5 19. Nxg5 e5 20. Ne4 f5 21. Nd2 e4 22. Qc4 Qf6 23. Ra3 Rb2 24. Nf1 Rc2 25.
Ne3 Rxc3 26. Rxc3 Qxc3 27. Qa6 f4 28. Ng4 e3 29. Qxd6 Kh8 30. Qe6 Bd4 31. d6 exf2+ 32. Nxf2 Qc2 33. Rf1 Qf5 34. Qe7 Qf6 35. Qc7 Rd8 36. Kh1 Qxd6 37. Qf7 Qf6 38. Qc4 Bxf2 39. Rxf2 Rd4 40. Qxc5 Kg7 41. Qc7+ Kh6 42. Kh2 Re4 43. Qd6 g5 44. Qxf6+ 1-0

[Event "Early-Titled-Tuesday-Blitz-January-16-2024"]
[Site "Chess.com"]
[Date "2024.01.16"]
[Round "5"]
[White "rhungaski"]
[Black "MdChess1734"]
[Result "1-0"]
[WhiteElo "2535"]
[BlackElo "2398"]
[TimeControl "180+1"]
[EndTime "8:58:38 PST"]
[Termination "rhungaski won on time"]

1. e4 c6 2. d4 d5 3. e5 Bf5 4. g4 Bg6 5. e6 fxe6 6. h4 h5 7. Bd3 Bxd3 8. Qxd3 hxg4 9. Qg6+ Kd7 10. Qxg4 Nf6 11. Qh3 c5 12. Nf3 Nc6 13. dxc5 Qa5+ 14. c3 Qxc5 15. Nbd2 g6 16. Nb3 Qd6 17. Ng5 Bh6 18.
Nf7 Qb8 19. Bxh6 Rh7 20. Nc5+ Ke8 21. Qxe6 Rxf7 22. O-O-O Qe5 23. Qh3 b6 24. Rhe1 Qd6 25. Ne6 Qd7 26. Bg5 Ne4 27. Rxe4 Nd8 28. Ree1 Rc8 29.
Kb1 Rc6 30. Nf4 Qxh3 31. Nxh3 1-0

[Event "Early-Titled-Tuesday-Blitz-January-16-2024"]
[Site "Chess.com"]
[Date "2024.01.16"]
[Round "5"]
[White "Sebastian"]
[Black "FredddieCroderg"]
[Result "1-0"]
[WhiteElo "2944"]
[BlackElo "2346"]
[TimeControl "180+1"]
[EndTime "8:58:38 PST"]
[Termination "Sebastian won by resignation"]

1. e4 c6 2. d4 d5 3. e5 Bf5 4. Nf3 e6 5. Be2 c5 6. Be3 Qb6 7. Nc3 Nc6 8. Na4 Qa5+ 9. c3 cxd4 10. Nxd4 Nxd4 11. Bxd4 Ne7 12. Qb3 Qc7 13. Nc5 Nc6 14. Qxb7 Qxb7 15. Nxb7 Rb8 16. Bb5 Kd7 17. Bxc6+ Kxc6 18. Na5+ Kd7 19. b4 Be7 20. Bxa7 Ra8 21. Bd4 Bd3 22. Kd2 Ba6 23. a4 Bg5+ 24. Kc2 Be2 25.
Rhe1 Bh5 26. Nb3 Bg6+ 27. Kb2 Rhb8 28. a5 Kc6 29. a6 Bd3 30. a7 Rb7 31. Na5+ Kc7 32.
Nxb7 Kxb7 33. Ra5 Bc4 34. Rea1 Bd8 35. R5a3 Bc7 36. f4 h6 37. h4 h5 38. g3 g6 39.
Kc1 Kc6 40. Kd2 Bb5 41. Ke3 Bc4 42. Rg1 Bb6 43. Bxb6 Kxb6 44. Kd4 Bb5 45. g4 hxg4 46. Rxg4 Be2 47. Rg2 Bf3 48. Rg1 Be2 49. Ra5 Bf3 50. Rga1 Be2 51. Rc5 Bc4 52. b5 Bxb5 53. Rb1 1-0

[Event "Early-Titled-Tuesday-Blitz-January-16-2024"]
[Site "Chess.com"]
[Date "2024.01.16"]
[Round "5"]
[White "Njal28"]
[Black "DreamsAreFake"]
[Result "1/2-1/2"]
[WhiteElo "3016"]
[BlackElo "2750"]
[TimeControl "180+1"]
[EndTime "8:58:39 PST"]
[Termination "Game drawn by repetition"]

1. d4 Nf6 2. Bg5 b6 3. Nf3 Bb7 4. Nbd2 g6 5. e3 Bg7 6. Bd3 O-O 7. O-O h6 8. Bh4 d6 9. Re1 Nbd7 10. e4 e5 11. c3 Qe7 12. a4 a6 13. Qc2 Rfe8 14.
Rad1 Nf8 15. dxe5 dxe5 16. Nc4 N8d7 17. b4 Rad8 18. Bf1 Qe6 19. Ncd2 Nf8 20. Bc4 Qe7 21. h3 g5 22. Bg3 Ng6 23. Qa2 Nh5 24. Kh2 Nhf4 25.
Bxf4 exf4 26. e5 Nxe5 27. Nxe5 Bxe5 28. Rxe5 Qxe5 29. Bxf7+ Kh8 30. Bxe8 f3+ 31. Kg1 Qe2 32. Qf7 Rxe8 33. Ra1 fxg2 34. Qf6+ Kh7 35. Qf7+ Kh8 36. Qf6+ Kh7 37. Qf7+ Kh8 1/2-1/2

[Event "Early-Titled-Tuesday-Blitz-January-16-2024"]
[Site "Chess.com"]
[Date "2024.01.16"]
[Round "5"]
[White "GothamChess"]
[Black "Sanan_Sjugirov"]
[Result "0-1"]
[WhiteElo "2714"]
[BlackElo "2962"]
[TimeControl "180+1"]
[EndTime "8:58:39 PST"]
[Termination "Sanan_Sjugirov won on time"]

1. e4 c5 2. a3 g6 3. Nc3 Bg7 4. Bc4 d6 5. d3 Nc6 6. Nge2 Nf6 7. Bg5 a6 8. Ba2 b5 9. O-O O-O 10. Qd2 Bb7 11. Bh6 e6 12. Bxg7 Kxg7 13. Qe3 Qb6 14. b4 Rac8 15. Rab1 Nd4 16. Rb2 e5 17. h3 Rc7 18. Nd5 Bxd5 19. Bxd5 cxb4 20. axb4 Nxe2+ 21. Qxe2 Qd4 22. Ra2 Nxd5 23. exd5 Rfc8 24. Rxa6 Rxc2 25. Qf3 Qxb4 26. Rfa1 R8c7 27. Kh2 R2c3 28. Rc6 R3xc6 29. dxc6 Qc5 30. Ra6 b4 31. h4 Qb5 32.
Ra1 Qxc6 33. Qg4 Qc3 34. Ra8 Qxd3 35. Qg5 Qe4 36. g3 Qxa8 0-1

[Event "Early-Titled-Tuesday-Blitz-January-16-2024"]
[Site "Chess.com"]
[Date "2024.01.16"]
[Round "5"]
[White "tptagain"]
[Black "ChessSwole"]
[Result "1-0"]
[WhiteElo "2952"]
[BlackElo "2708"]
[TimeControl "180+1"]
[EndTime "8:58:39 PST"]
[Termination "tptagain won on time"]

1. Nf3 d5 2. d4 Nf6 3. e3 Bf5 4.
c4 c6 5. Nc3 e6 6. Nh4 Be4 7.
f3 Bg6 8. Bd2 Be7 9. g4 Nbd7 10.
g5 Ng8 11. f4 Bb4 12. cxd5 Bxc3 13. Bxc3 Be4 14. dxe6 Bxh1 15. exf7+ Kxf7 16. Qh5+ Kf8 17. Bb4+ c5 18. Bc4 Qe7 19. Kf2 cxb4 20. Ng6+ hxg6 21. Qxh8 Qe4 22. Qxg8+ Ke7 23. Qxg7+ Kd6 24. Bf1 Re8 25. Re1 Re7 26. Qg8 Bf3 27. Qc4 a5 28. Qb5 Bg4 29.
Bg2 Qc2+ 30. Kg3 Be6 31. d5 Qd2 32. Re2 Qd1 33. dxe6 Rxe6 34. Kf2 Ke7 35. Qxa5 Qd6 36. Qd5 Qb6 37. Qd3 Nc5 38. Qd4 1-0

[Event "Early-Titled-Tuesday-Blitz-January-16-2024"]
[Site "Chess.com"]
[Date "2024.01.16"]
[Round "5"]
[White "Arifarsky"]
[Black "Manukyan_Artak"]
[Result "1-0"]
[WhiteElo "2721"]
[BlackElo "2550"]
[TimeControl "180+1"]
[EndTime "8:58:39 PST"]
[Termination "Arifarsky won on time"]

1. e4 c6 2. d4 d5 3. Nc3 dxe4 4. Nxe4 Nf6 5. Nxf6+ exf6 6. Be3 Bd6 7. Bd3 O-O 8. Ne2 Qc7 9. Ng3 Re8 10. O-O g6 11.
Re1 f5 12. Bh6 Be6 13. c4 Nd7 14. Rc1 Qd8 15. d5 cxd5 16. cxd5 Bxd5 17. Rxe8+ Qxe8 18. Bxf5 Bxg3 19. hxg3 Bc6 20. Rxc6 gxf5 21. Qd2 f6 22.
Rc7 Rd8 23. Qd5+ Kh8 24. Qxf5 Qg6 25. Qxg6 hxg6 26. Rxb7 g5 27. f4 gxf4 28. Bxf4 Nc5 29. Rxa7 Rd1+ 30. Kf2 Nd3+ 31. Ke2 Nxb2 32. Rb7 Rg1 33. Kf2 Rb1 34. Kf3 Rf1+ 35. Ke2 Rg1 36. Kf3 Rf1+ 37. Kg4 Nd3 38. Kf5 Rf2 39. Kg6 Nxf4+ 40.
gxf4 Rxg2+ 41. Kxf6 Rxa2 42. f5 Ra6+ 43. Kf7 1-0

[Event "Early-Titled-Tuesday-Blitz-January-16-2024"]
[Site "Chess.com"]
[Date "2024.01.16"]
[Round "5"]
[White "Flawless_Fighter"]
[Black "UNSTOPPABLE_LEGEND"]
[Result "1/2-1/2"]
[WhiteElo "2695"]
[BlackElo "2519"]
[TimeControl "180+1"]
[EndTime "8:58:41 PST"]
[Termination "Game drawn - insufficient material"]

1. e4 c5 2. Nf3 d6 3. Bb5+ Nd7 4.
O-O Nf6 5. Re1 a6 6. Bf1 b5 7. a4 Bb7 8. axb5 axb5 9. Rxa8 Qxa8 10. Bxb5 Bxe4 11. d4 Bxf3 12. gxf3 cxd4 13. Qxd4 e6 14. Bf4 Qxf3 15. Bxd6 Bxd6 16. Qxd6 Qg4+ 17. Kf1 Qh3+ 18. Kg1 Qg4+ 19. Qg3 Ke7 20. c4 h5 21. h3 Qd4 22.
Nc3 h4 23. Qe3 Qxe3 24. Rxe3 Rh5 25. b4 Rg5+ 26. Kf1 Nh5 27. Ne4 Re5 28. c5 f5 29.
Ng5 Rxe3 30. fxe3 Nhf6 31. Nf3 Nd5 32. c6 N7b6 33. Ke2 Nxb4 34. Nxh4 Kd6 35. e4 Nxc6 36.
Bxc6 Kxc6 37. exf5 exf5 38. Nxf5 Kd5 39. Nxg7 Ke5 40.
Kf3 Nd5 41. Nh5 Kf5 42. Ng3+ Kg6 43. Kg4 Nf6+ 44. Kf4 Nh5+ 45. Nxh5 Kxh5 46. h4 Kxh4 1/2-1/2

[Event "Early-Titled-Tuesday-Blitz-January-16-2024"]
[Site "Chess.com"]
[Date "2024.01.16"]
[Round "5"]
[White "JiaHaoxiang"]
[Black "eCztery"]
[Result "1-0"]
[WhiteElo "2619"]
[BlackElo "2456"]
[TimeControl "180+1"]
[EndTime "8:58:41 PST"]
[Termination "JiaHaoxiang won on time"]

1. d4 Nf6 2. Nf3 e6 3. Bf4 d5 4. e3 c5 5. c3 Nc6 6. Bd3 Bd6 7. Bg3 O-O 8. Nbd2 Qe7 9. Ne5 Nd7 10. f4 f6 11.
Nxc6 bxc6 12. O-O Rb8 13. Rb1 c4 14. Bc2 c5 15. Kh1 f5 16. Nf3 Qe8 17. Bh4 Qh5 18. Rg1 Kh8 19. h3 Nf6 20. Bxf6 Rxf6 21. b3 cxb3 22.
axb3 a6 23. Bd3 h6 24. Qe2 g5 25. fxg5 hxg5 26. Ne5 g4 27. Bxa6 Bxa6 28. Qxa6 gxh3 29. g4 fxg4 30. Qxd6 Rg8 31. Nd3 Qf5 32. Nf4 Qe4+ 33. Kh2 Qf3 34. Qe5 Kg7 35. Nh5+ Kh7 36. Nxf6+ Kg6 37. Rxg4+ Kf7 38. Qc7+ Kxf6 39. Rf4+ 1-0

[Event "Early-Titled-Tuesday-Blitz-January-16-2024"]
[Site "Chess.com"]
[Date "2024.01.16"]
[Round "5"]
[White "AttilaTurzo"]
[Black "KarstenHansch"]
[Result "0-1"]
[WhiteElo "2477"]
[BlackElo "2653"]
[TimeControl "180+1"]
[EndTime "8:58:42 PST"]
[Termination "KarstenHansch won by resignation"]

1. d4 Nf6 2. Bf4 g6 3. e3 Bg7 4.
c3 b6 5. Nd2 O-O 6. Ngf3 d6 7.
e4 c5 8. h3 Bb7 9. Bd3 e5 10.
Bg5 exd4 11. cxd4 Re8 12. O-O h6 13. Bxf6 Bxf6 14. Re1 Nc6 15. d5 Nb4 16. Bb5 Bxb2 17. Bxe8 Bxa1 18. Bb5 Bg7 19. a3 Na6 20. Nc4 Nc7 21.
Bc6 Rb8 22. Bxb7 Rxb7 23. a4 Rb8 24. Qd2 Qd7 25. Qf4 Rd8 26. Rd1 Ne8 27. e5 Qxa4 28.
e6 Qxd1+ 29. Kh2 f5 30. Qg3 Qxd5 31. Qxg6 Qxc4 32. Qf7+ Kh8 33. Nh4 Qxh4 34. e7 Rb8 35. g3 Qf6 36. Qd5 Qxe7 37. h4 Nf6 38. Qxf5 Rf8 39. Qg6 Ne4 40. f4 Nxg3 41. Kxg3 Qf6 42.
Qe4 Qxf4+ 43. Qxf4 Rxf4 44. Kxf4 a5 45. Ke3 a4 46.
Kd3 a3 47. Kc2 a2 0-1

[Event "Early-Titled-Tuesday-Blitz-January-16-2024"]
[Site "Chess.com"]
[Date "2024.01.16"]
[Round "5"]
[White "Cambek64"]
[Black "CristianS27"]
[Result "1-0"]
[WhiteElo "2451"]
[BlackElo "2600"]
[TimeControl "180+1"]
[EndTime "8:58:43 PST"]
[Termination "Cambek64 won on time"]

1. Nf3 Nf6 2. b3 g6 3. Bb2 Bg7 4. c4 O-O 5. d4 c5 6. d5 d6 7.
Nbd2 e6 8. dxe6 Bxe6 9. e3 Nc6 10. Be2 d5 11. cxd5 Nxd5 12. Bxg7 Kxg7 13. Qc2 b6 14. a3 Qf6 15. O-O Qc3 16. Qb1 Rfd8 17. Ne4 Qa5 18. Qb2+ Kg8 19. Bc4 Nce7 20. Rad1 Bf5 21. Nfg5 h6 22.
Bxd5 Nxd5 23. Rxd5 hxg5 24. Nf6+ Kf8 25. Nh7+ Kg8 26.
Nf6+ Kf8 27. b4 Qa6 28. Rxf5 gxf5 29. Nh7+ Kg8 30. b5 Qb7 31. Nxg5 Qd5 32. h4 Rd6 33. Qc3 Rad8 34. g3 Qd3 35. Qe5 Qd5 36. Qe7 1-0

[Event "Early-Titled-Tuesday-Blitz-January-16-2024"]
[Site "Chess.com"]
[Date "2024.01.16"]
[Round "5"]
[White "viktorgen2021"]
[Black "Arystanner"]
[Result "0-1"]
[WhiteElo "2556"]
[BlackElo "2807"]
[TimeControl "180+1"]
[EndTime "8:58:44 PST"]
[Termination "Arystanner won by resignation"]

1. d4 Nf6 2. Nf3 e6 3. g3 d5 4. Bg2 Be7 5. c4 O-O 6. O-O c6 7. Qc2 b6 8. Bf4 Nbd7 9. Rd1 Nh5 10. Nc3 Ba6 11. cxd5 cxd5 12. e4 Nxf4 13. gxf4 dxe4 14. Nxe4 Rc8 15. Qd2 Nf6 16. Nxf6+ Bxf6 17. Ne5 Qd6 18. Rac1 g6 19. Qe3 Rfd8 20. Rxc8 Rxc8 21. d5 Rd8 22. Bf3 exd5 23. Rxd5 Qe7 24. Rxd8+ Qxd8 25. Nc6 Qd7 26. Ne5 Qd6 27. b3 Kg7 28. Ng4 Bd4 29. Qc1 h5 30. Ne5 Bxe5 31. fxe5 Qxe5 32. Kg2 Bd3 33. h3 a5 34. a4 Bf5 35. Qd2 Be6 36. Qd3 Qf5 37.
Qxf5 Bxf5 38. Bd1 Kf6 39. Kg3 Ke5 40. h4 Kd4 41. Kf4 f6 42. f3 Kc3 43. Ke3 Be6 0-1

[Event "Early-Titled-Tuesday-Blitz-January-16-2024"]
[Site "Chess.com"]
[Date "2024.01.16"]
[Round "5"]
[White "Alenzer"]
[Black "Willi_Skibbe"]
[Result "0-1"]
[WhiteElo "2120"]
[BlackElo "2397"]
[TimeControl "180+1"]
[EndTime "8:58:44 PST"]
[Termination "Willi_Skibbe won on time"]

1. e4 e6 2. d4 d5 3. exd5 exd5 4.
c4 Nf6 5. Nc3 Bb4 6. Nf3 O-O 7.
Bd3 Re8+ 8. Be3 dxc4 9. Bxc4 Bg4 10. O-O Nc6 11. h3 Bh5 12. g4 Nxg4 13. hxg4 Bxg4 14.
Be2 Bd6 15. Ng5 Bxe2 16. Nxe2 Rxe3 17. fxe3 Qxg5+ 18. Kf2 Qh4+ 19. Kf3 Re8 20. Nf4 Bxf4 21. exf4 Qh3+ 22. Kf2 Qe3+ 23. Kg2 Re6 24. Rf3 Rg6+ 25.
Kh2 Qe4 26. Qd3 Rh6+ 27. Kg3 Rg6+ 28. Kf2 Qd5 29. b3 Nxd4 30. Rd1 Rd6 31. Re3 f6 32. Re8+ Kf7 33. Re4 c5 34. b4 f5 35. Re5 Qxa2+ 36.
Kg3 Rg6+ 37. Kh4 Rh6+ 0-1

[Event "Early-Titled-Tuesday-Blitz-January-16-2024"]
[Site "Chess.com"]
[Date "2024.01.16"]
[Round "5"]
[White "RobertoJBM"]
[Black "Sanyura"]
[Result "0-1"]
[WhiteElo "2788"]
[BlackElo "2633"]
[TimeControl "180+1"]
[EndTime "8:58:46 PST"]
[Termination "Sanyura won by resignation"]

1. d4 Nf6 2. Nf3 g6 3. e3 Bg7 4. Be2 O-O 5. O-O d6 6. c4 Nbd7 7. Nc3 e5 8. b3 exd4 9. exd4 d5 10. Re1 Ne4 11. Nxd5 c6 12. Ne3 Nc3 13. Qd2 Nxe2+ 14. Rxe2 Nc5 15. Bb2 Ne4 16. Qc2 Re8 17. d5 Bxb2 18.
Qxb2 Bd7 19. Rd1 Qa5 20. Rc1 Rad8 21. h3 Qc7 22. Rce1 Qf4 23. dxc6 bxc6 24. Nh2 h5 25. Nhf1 Kh7 26. Nd1 Bxh3 27. gxh3 Qg5+ 28. Kh1 Qf5 29. Kg2 Ng5 30. Qc3 Rd3 31. Qxd3 Qxd3 32. Re3 Rxe3 33.
Nfxe3 Qe4+ 34. Kf1 Qf3 35. h4 Ne4 36. Kg1 Qh3 37.
Ng2 Nd2 38. Re3 Nf3+ 39. Rxf3 Qxf3 40. Nde3 Qe4 41. Ne1 Qb1 42. Kf1 Qxa2 43. b4 Qb3 44. N1c2 Qd3+ 45. Kg2 f5 46. Kg3 Qe4 47. f3 f4+ 48. Kg2 Qd3 0-1

[Event "Early-Titled-Tuesday-Blitz-January-16-2024"]
[Site "Chess.com"]
[Date "2024.01.16"]
[Round "5"]
[White "topce"]
[Black "whitemirrorninja"]
[Result "1-0"]
[WhiteElo "2380"]
[BlackElo "2485"]
[TimeControl "180+1"]
[EndTime "8:58:47 PST"]
[Termination "topce won by checkmate"]

1. c4 b6 2. d4 Bb7 3. a3 e6 4.
Nc3 f5 5. Nf3 Nf6 6. g3 Be7 7. Bg2 Ne4 8. Nxe4 Bxe4 9. O-O Bf6 10. b4 Nc6 11. Bb2 a5 12. b5 Ne7 13. e3 h5 14. h4 Ng6 15. Ne1 Bxg2 16. Nxg2 Ne7 17. Nf4 g5 18. hxg5 Bxg5 19. Kg2 Bxf4 20. exf4 Ng6 21. d5 Rh7 22. Rh1 h4 23. Qf3 Kf7 24. Rae1 Qg8 25. dxe6+ dxe6 26. Rxe6 hxg3 27. Rf6+ Ke7 28. Re1+ Ne5 29. Rxe5+ Kxf6 30. Re8+ Kf7 31. Rxg8 Rxg8 32. fxg3 Rd8 33. Bc3 Rh6 34. Qe3 Re6 35. Qf3 Re4 36. Qh5+ Ke7 37. Qxf5 Rxc4 38. Bf6+ Kd6 39.
Bxd8 Rc5 40. Qe4 Kd7 41. Qe7+ Kc8 42. Qe8 Kb7 43. a4 Rc4 44. f5 Rxa4 45. f6 Ra2+ 46. Kh3 a4 47. f7 a3 48. Qc6+ Ka7 49. Qxc7+ Ka8 50. f8=Q Rf2 51. Bf6# 1-0

[Event "Early-Titled-Tuesday-Blitz-January-16-2024"]
[Site "Chess.com"]
[Date "2024.01.16"]
[Round "5"]
[White "MasterofMasters2006"]
[Black "PapaieDudu"]
[Result "1-0"]
[WhiteElo "2241"]
[BlackElo "2401"]
[TimeControl "180+1"]
[EndTime "8:58:47 PST"]
[Termination "MasterofMasters2006 won by resignation"]

1. d4 d5 2. c4 e6 3. Nc3 Nf6 4. Nf3 a6 5. cxd5 exd5 6. Bg5 Be7 7. e3 Bg4 8. Be2 O-O 9. O-O Nbd7 10. Rc1 Re8 11. h3 Bh5 12. Ne5 Bxe2 13. Qxe2 Nf8 14. Rfd1 Ne6 15. Bh4 h6 16. a3 Rc8 17. b4 Ne4 18. Bxe7 Nxc3 19. Rxc3 Qxe7 20. Rdc1 Ng5 21. Qb2 Ne4 22. R3c2 Qd6 23. a4 Re7 24. b5 axb5 25.
axb5 Rce8 26. Qb3 Ra8 27. Ra2 Rxa2 28. Qxa2 h5 29. Qa8+ Kh7 30. Qxb7 Qf6 31. Nd3 Qf5 32. Rxc7 Nd6 33. Qc6 Rxc7 34. Qxc7 Ne4 35. Qe5 Qd7 36. Qf5+ g6 37. Qxd7 Ng5 38. Qxd5 1-0

[Event "Early-Titled-Tuesday-Blitz-January-16-2024"]
[Site "Chess.com"]
[Date "2024.01.16"]
[Round "5"]
[White "valik3504"]
[Black "krzyzan94"]
[Result "0-1"]
[WhiteElo "2558"]
[BlackElo "2811"]
[TimeControl "180+1"]
[EndTime "8:58:49 PST"]
[Termination "krzyzan94 won on time"]

1. Nf3 Nf6 2. c4 g6 3. Nc3 d6 4. d4 Bf5 5. d5 Bg7 6. Nd4 Bd7 7.
e4 O-O 8. Be2 c5 9. Nf3 e5 10.
h3 Nh5 11. g3 Kh8 12. Nd2 Nf6 13. Nf1 b5 14. cxb5 a6 15. bxa6 Nxa6 16. Ne3 Ne8 17.
g4 Bf6 18. Ng2 Bg5 19. Bxg5 Qxg5 20. h4 Qe7 21. h5 Kg8 22. Qd2 g5 23. Bxa6 Rxa6 24.
h6 Bxg4 25. Ne3 Bd7 26. O-O-O f6 27. Rdg1 Nc7 28. Ng4 Kh8 29. Rh5 Be8 30. Nxf6 Qxf6 31. Rhxg5 Bg6 32. Nd1 Ra4 33. f3 Rd4 34. Qa5 Nxd5 35.
Qa7 Ne7 36. Ne3 Qf4 37. Kb1 Qxe3 38. Qxe7 Qd3+ 39. Kc1 Qc4+ 40. Kb1 Qf7 41. Qxf7 Rxf7 42. a3 Rxf3 43. Ka2 Rxe4 44. R1g2 Ref4 45. Rd2 Rd4 46. Re2 Bf7+ 47. Kb1 Rd1+ 0-1

[Event "Early-Titled-Tuesday-Blitz-January-16-2024"]
[Site "Chess.com"]
[Date "2024.01.16"]
[Round "5"]
[White "nickmatta"]
[Black "IngOscarArdila"]
[Result "1-0"]
[WhiteElo "2580"]
[BlackElo "2370"]
[TimeControl "180+1"]
[EndTime "8:58:50 PST"]
[Termination "nickmatta won on time"]

1. e4 e5 2. Nf3 Nf6 3. Nxe5 d6 4.
Nf3 Nxe4 5. d4 Be7 6. Bd3 d5 7. O-O Nc6 8. c4 Nb4 9. Be2 O-O 10. a3 Nc6 11. cxd5 Qxd5 12. Nc3 Nxc3 13. bxc3 Bf5 14. c4 Qd7 15. d5 Na5 16. Nd4 Bg6 17. Bd2 b6 18. Bxa5 bxa5 19. Nc6 Bf6 20. Rc1 Qd6 21. c5 Qf4 22. Rc4 Qg5 23. d6 cxd6 24. cxd6 Bf5 25. Rc5 Qf4 26. g3 Qe4 27. Bf3 Qe6 28. Nd4 Bxd4 29.
Qxd4 Rad8 30. Re5 Rxd6 31. Qf4 Qg6 32. Qxf5 Qxf5 33. Rxf5 a4 34. Ra5 a6 35. Rxa4 Rb8 36.
Rd1 Rdb6 37. Rad4 g5 38. Rd8+ Rxd8 39. Rxd8+ Kg7 40. Ra8 Kf6 41. a4 Ke5 42. Ra7 f5 43. Rxh7 Rb4 44. Bc6 Kd6 45. Be8 g4 46. Ra7 a5 47.
Rxa5 Ke7 48. Bg6 Kf6 49. Bxf5 Rb1+ 50. Kg2 Rb4 51. Bd3 Rd4 52. Bb5 Ke5 53. Ra6 Kd5 54.
Ra8 Kc5 55. Rf8 Rb4 56. Rf4 Rb2 57. Rxg4 Kd6 58. h4 Ke5 59. h5 Kf6 60. h6 Rb1 61.
h7 1-0

[Event "Early-Titled-Tuesday-Blitz-January-16-2024"]
[Site "Chess.com"]
[Date "2024.01.16"]
[Round "5"]
[White "MetiForce"]
[Black "jefferyx"]
[Result "0-1"]
[WhiteElo "2866"]
[BlackElo "3031"]
[TimeControl "180+1"]
[EndTime "8:58:51 PST"]
[Termination "jefferyx won on time"]

1. d4 d5 2. c4 e6 3. Nc3 Nf6 4. cxd5 exd5 5. Bg5 c6 6. e3 Bd6 7. Bd3 O-O 8. Nge2 Re8 9. h3 a5 10. O-O Na6 11. a3 Nc7 12. Qc2 h6 13. Bf4 Bxf4 14.
exf4 Qd6 15. Rfe1 Bd7 16. f5 b6 17. Rad1 c5 18. dxc5 bxc5 19. Ng3 Rxe1+ 20. Rxe1 c4 21. Bf1 Rb8 22. Qd2 Qb6 23. Nd1 Nb5 24. Ne3 Nc7 25.
Nd1 Nce8 26. Qf4 Nd6 27. Be2 Re8 28. Rf1 Nxf5 29. Nxf5 Bxf5 30. Bxc4 Bxh3 31. Bd3 Be6 32. b4 axb4 33. axb4 d4 34. b5 Rc8 35. Nb2 Qc5 36. Na4 Qa3 37. Qxd4 Nd5 38. Be4 Nf4 39. Re1 Qf8 40.
Nb6 Rd8 41. Qe5 Qb4 42. Rc1 Ne2+ 43. Kh2 Nxc1 44. Bc6 Qh4+ 45. Kg1 Rd1+ 0-1

[Event "Early-Titled-Tuesday-Blitz-January-16-2024"]
[Site "Chess.com"]
[Date "2024.01.16"]
[Round "5"]
[White "abelmat"]
[Black "seasidesunset"]
[Result "0-1"]
[WhiteElo "2066"]
[BlackElo "2239"]
[TimeControl "180+1"]
[EndTime "8:58:51 PST"]
[Termination "seasidesunset won on time"]

1. d4 Nf6 2. c4 g6 3. Nc3 c5 4.
Nf3 Bg7 5. g3 O-O 6. Bg2 d6 7. O-O Nc6 8. h3 cxd4 9. Nxd4 Qc7 10.
Nb3 Be6 11. Nd5 Bxd5 12. cxd5 Ne5 13. Bf4 Ned7 14. Rc1 Qd8 15. Nd4 a6 16. b4 Nb6 17.
e4 Nfd7 18. a4 Ne5 19. Bxe5 Bxe5 20. a5 Nd7 21. f4 Bg7 22. Kh1 Rc8 23. Qd3 Rxc1 24.
Rxc1 Qb8 25. Qc3 Qa7 26. Rd1 Qb8 27. Rc1 h6 28. Qc4 Qa7 29. Rd1 Nf6 30. Rc1 Ne8 31.
Nf3 Qe3 32. Qc3 Bxc3 33. Rf1 Nf6 34. e5 Ne4 35. Kh2 Nxg3 0-1

[Event "Early-Titled-Tuesday-Blitz-January-16-2024"]
[Site "Chess.com"]
[Date "2024.01.16"]
[Round "5"]
[White "falzehope0"]
[Black "noblerone"]
[Result "0-1"]
[WhiteElo "2383"]
[BlackElo "2517"]
[TimeControl "180+1"]
[EndTime "8:58:52 PST"]
[Termination "noblerone won on time"]

1. d4 d5 2. e3 Nf6 3. Bd3 Bg4 4. Ne2 e6 5. O-O Bd6 6. Nd2 h6 7. f4 Nbd7 8. Qe1 c6 9. Ng3 g6 10. Nf3 Bf5 11. Ne5 Qe7 12. Bd2 h5 13. Nh1 h4 14. Nf2 a6 15. e4 dxe4 16. Nxe4 Nxe4 17. Bxe4 Bxe4 18. Qxe4 Nf6 19. Qf3 h3 20. Nxc6 Qc7 21.
Ne5 Qxc2 22. Qxb7 O-O 23. Bc3 Nd5 24. Rf2 Qe4 25. Nxf7 Nxc3 26. Nxd6 Qxb7 27. Nxb7 Nd5 28. g3 Rfc8 29. Nc5 Kf7 30. Re1 Rc6 31. Rfe2 Nc7 32. Nd3 Rd6 33. Ne5+ Kg7 34. Nf3 Rb8 35. Rc2 Nd5 36.
Ng5 Rdb6 37. Nxe6+ Kf6 38. Ng5 Rxb2 39. Rc5 Rg2+ 40.
Kh1 Rbb2 41. Nf3 Rbf2 42. Rxd5 Rxf3 43. Rd6+ Kf7 44. Rd7+ Kf6 45. d5 Rff2 46. Re6+ Kf5 47. Rf7+ Kg4 48. Rxg6+ Kf3 0-1

[Event "Early-Titled-Tuesday-Blitz-January-16-2024"]
[Site "Chess.com"]
[Date "2024.01.16"]
[Round "5"]
[White "Danito1954"]
[Black "Kostukov_Alex"]
[Result "0-1"]
[WhiteElo "2132"]
[BlackElo "2311"]
[TimeControl "180+1"]
[EndTime "8:58:52 PST"]
[Termination "Kostukov_Alex won on time"]

1. e4 c5 2. Nc3 g6 3. d4 cxd4 4. Qxd4 Nf6 5. Bf4 Nc6 6. Qd3 Bg7 7. O-O-O d6 8. f3 O-O 9. h4 Qa5 10. g4 Nb4 11. Qe3 Nxa2+ 12. Nxa2 Qxa2 13. h5 Nxg4 14. fxg4 Qxb2+ 15. Kd2 Bxg4 16. Be2 Be6 17. hxg6 Rac8 18. gxh7+ Kh8 19. Ke1 Rxc2 20. Bh6 Rfc8 21. Bxg7+ Qxg7 22. Nf3 Qg3+ 23. Kf1 Bh3+ 24. Rxh3 Qxh3+ 25. Ke1 Qh1+ 26. Bf1 Qh5 27. Qd4+ e5 28. Qe3 R2c3 29. Qg5 Qxf3 30. Be2 f6 31. Qg8+ Rxg8 32. hxg8=Q+ Kxg8 33. Bxf3 Rxf3 34. Ke2 Ra3 35. Rg1+ Kf7 36. Rh1 Ra2+ 37. Ke3 Rb2 38. Rh7+ Ke6 39. Rxb7 Rxb7 40. Kd3 a5 41. Kc3 a4 42. Kd3 a3 0-1

[Event "Early-Titled-Tuesday-Blitz-January-16-2024"]
[Site "Chess.com"]
[Date "2024.01.16"]
[Round "5"]
[White "DenLaz"]
[Black "TrahtarBelarus"]
[Result "0-1"]
[WhiteElo "3074"]
[BlackElo "2906"]
[TimeControl "180+1"]
[EndTime "8:58:53 PST"]
[Termination "TrahtarBelarus won by resignation"]

1. d4 Nf6 2. Nf3 g6 3. g3 Bg7 4.
Bg2 O-O 5. O-O d5 6. c3 c6 7.
a4 Re8 8. a5 a6 9. Bf4 Nh5 10.
Bg5 h6 11. Be3 Nd7 12. c4 Nhf6 13. Qb3 dxc4 14. Qxc4 Nd5 15. Bd2 e5 16. dxe5 Nxe5 17. Nxe5 Rxe5 18. e4 Nc7 19. Bc3 Be6 20. Qe2 Rb5 21. Bxg7 Kxg7 22. Nc3 Rb4 23. Rfd1 Qe7 24. f4 Nb5 25. Qf2 Bb3 26. Rd3 Rd8 27. Re3 Nd4 28.
Rc1 Bc4 29. Rd1 Nb5 30. Rde1 Nxc3 31. bxc3 Ra4 32. e5 Ra2 33. Qf3 Rdd2 34. Bf1 Bd5 35. Qg4 Rxh2 36. R1e2 Raxe2 37. Bxe2 Rh1+ 38. Kf2 Qc5 39.
f5 Rh2+ 40. Kg1 Qxe3+ 41. Kxh2 Qf2+ 0-1

[Event "Early-Titled-Tuesday-Blitz-January-16-2024"]
[Site "Chess.com"]
[Date "2024.01.16"]
[Round "5"]
[White "SashaKuzhilniy"]
[Black "ural58"]
[Result "1-0"]
[WhiteElo "2660"]
[BlackElo "2492"]
[TimeControl "180+1"]
[EndTime "8:58:53 PST"]
[Termination "SashaKuzhilniy won on time"]

1. e3 g6 2. Nf3 Bg7 3. d4 b6 4. Be2 Bb7 5. O-O Nf6 6. c4 O-O 7. Nc3 e6 8. Qc2 c5 9. Rd1 cxd4 10.
Nxd4 a6 11. b3 d6 12. Ba3 Qc7 13. Rac1 Rd8 14. f3 Nbd7 15. Qb1 Ne5 16. Bf1 Rac8 17. e4 Qb8 18. Kh1 d5 19. cxd5 exd5 20. Be7 Rd7 21. Bxf6 Bxf6 22. Nxd5 Bxd5 23. exd5 Rxc1 24. Qxc1 Rxd5 25.
Nc2 Rc5 26. Qd2 b5 27. Ne3 Bg5 28. Qd4 Bxe3 29. Qxe3 Qc7 30. h4 h5 31. Re1 Qd6 32. Qf4 Qd5 33. a4 bxa4 34. bxa4 a5 35. Bb5 Kg7 36. Kh2 Qd6 37. Re4 Qf6 38. Qxf6+ Kxf6 39. Kg3 Kg7 40. Rd4 f5 41. Rd6 Nc4 42. Ra6 Na3 43.
Rxa5 1-0